cohdb
Replays
Latest Replays
All Replays
Popular Replays
Top Player Replays
Match Explorer
How It Works
Community
CoH3 Stats
Reddit
Sign in to upload your games and track your stats! →
Sign in with Steam
Match 45172478
Unlisted
Match 45172478
Overview
Messages
Build Orders
End
Engineer Squad
Construct Barracks
Selects Armored Battlegroup
Selects Assault Engineers
1⁄4-ton 4x4 Truck
Riflemen Squad
Riflemen Squad
Construct Medical Station
Infantry Support Center
M1918 Browning Automatic Rifles
Selects Fast Deploy
Assault Engineer Squad
Grenade Package
Advanced Logistics
M1 Mortar Team
Selects Seek and Destroy
Construct Tank Depot
Selects UNKNOWN (2160077)
Selects Field Repairs
M4A3E8 Sherman Easy Eight
Selects War Machine
M4A3E8 Sherman Easy Eight
Riflemen Squad
Field Repairs
M4A3E8 Sherman Easy Eight
Assault Engineer Squad
M4A3E8 Sherman Easy Eight
Construct Weapon Support Center
anioki
Sky Blues
FlyNavy19
Chrchel_CZ
Seriousdude
Lo9k
0
0
Comments
sign in to comment!
No comments posted yet!